 Dungeon Crawl Stone Soup version 0.20.1-1-g8b1a95d (webtiles) character file.

135 Mitsuki the Digger (level 5, 0/28 HPs)
             Began as a Gargoyle Earth Elementalist on Sept 14, 2017.
             Was an Initiate of Vehumet.
             Slain by an orc warrior
             ... wielding a +0 battleaxe
              (10 damage)
             ... on level 2 of the Dungeon.
             The game lasted 00:11:45 (2735 turns).

Mitsuki the Digger (Gargoyle Earth Elementalist)    Turns: 2735, Time: 00:11:45

Health: 0/28       AC: 10    Str: 12    XL:     5   Next: 18%
Magic:  2/10       EV: 12    Int: 16    God:    Vehumet [......]
Gold:   91         SH:  0    Dex: 10    Spells: 10/11 levels left

rFire    . . .     SeeInvis .   a - +0 dagger
rCold    + . .     Gourm    .   (no shield)
rNeg     + . .     Faith    .   r - +2 robe {MR+}
rPois    ∞         Spirit   .   s - +0 hat
rElec    +         Reflect  .   i - +0 cloak
rCorr    .         Harm     .   (no gloves)
MR       +....                  c - +0 pair of boots
Stlth    ++........             (no amulet)
Regen    0.1/turn               n - ring of protection from cold
MPRegen  0.2/turn               (no ring)

@: no status effects
A: negative energy resistance 1, electricity resistance, unbreathing,
petrification resistance, rot immunity, AC +4
a: Renounce Religion


You were on level 2 of the Dungeon.
You worshipped Vehumet.
Vehumet was noncommittal.
You were not hungry.

You visited 1 branch of the dungeon, and saw 3 of its levels.

You collected 91 gold pieces.

Inventory:

Hand Weapons
 a - a +0 dagger (weapon)
Missiles
 b - 114 stones (quivered)
Armour
 c - a +0 pair of boots (worn)
 i - a +0 cloak (worn)
 r - a +2 robe of magic resistance (worn)
 s - a +0 hat (worn)
Jewellery
 n - a ring of protection from cold (left hand)
Wands
 f - a wand of digging (11/24)
Scrolls
 g - 3 scrolls of teleportation {unknown}
 h - a scroll of magic mapping {unknown}
 j - 2 scrolls of identify {unknown}
 k - a scroll of recharging {unknown}
 l - a scroll of remove curse {unknown}
 t - a scroll of fear {unknown}
Potions
 m - a potion of magic {unknown}
 o - a potion of invisibility {unknown}
 p - a potion of might {unknown}
 q - a potion of flight {unknown}
Books
 e - a book of Geomancy

   Spells                             Type                      Level
   a - Sandblast                      Earth                        1
   b - Passwall                       Transmutation/Earth          2
   c - Stone Arrow                    Conjuration/Earth            3
   d - Petrify                        Transmutation/Earth          4
   e - Lee's Rapid Deconstruction     Earth                        5
Comestibles
 d - 5 bread rations
 u - 4 chunks of flesh


   Skills:
 - Level 1.5 Dodging
 - Level 2.1 Stealth
 + Level 3.6 Spellcasting
   Level 0.7 Transmutations
 + Level 5.5 Earth Magic


You had 10 spell levels left.
You knew the following spells:

 Your Spells              Type           Power        Failure   Level  Hunger
a - Sandblast             Erth           ###...       1%          1    None


Dungeon Overview and Level Annotations

Branches:
Dungeon (3/15)

Altars:
Vehumet


Innate Abilities, Weirdness & Mutations

You are resistant to torment.
Your stone body is resilient. (AC +4)
You are immune to poison.
You resist negative energy. (rN+)
You are resistant to electric shocks. (rElec)
You can survive without breathing.
You are immune to petrification.
You are immune to rotting.


Message History

b - 116 stones The orc warrior barely misses you.
Casting: Sandblast
Confirm with . or Enter, or press ? or * to list all spells.
Aiming: Sandblast
Press: ? - help, Shift-Dir - straight line, f/p - orc warrior
Aim: an orc warrior, wielding a battleaxe and wearing a chain mail (moderately wounded)
The blast of sand hits the orc warrior.
The orc warrior is severely wounded.
b - 115 stones
Casting: Sandblast
Confirm with . or Enter, or press ? or * to list all spells.
Aiming: Sandblast
Press: ? - help, Shift-Dir - straight line, f/p - orc warrior
Aim: an orc warrior, wielding a battleaxe and wearing a chain mail (severely wounded)
The blast of sand hits the orc warrior.
The orc warrior is almost dead.
b - 114 stones The orc warrior hits you with a battleaxe!
You die...

...# #.....##<.##>......####
...# ##.....##.####......####
...# ##..#.####.# #......#...
...# #..##..# #.# ##........#.
...######.####.#
#.###...........
##........####.#
#)##.........<..
#####......##.###............###
#.####.....[#.#.########## # #.#
###..o@......# # ##.#
#..#######.## # ##..# #..# #..#
## ##..## #.># ##.### ###. #..##
###..# #...####... ###.## #....#
###......## .....######.##.#
####.#... ####.....#..##.#
##..#### ########[..###.#####
#..## #


You could see an orc warrior.

Vanquished Creatures
  An orc wizard (D:3)
  Jessica (D:2)
  3 adders (D:2)
  An ooze (D:2)
  2 dart slugs (D:1)
  4 leopard geckos
  4 giant cockroaches
  6 goblins
  3 hobgoblins (D:1)
  5 kobolds
  7 bats
  5 rats
42 creatures vanquished.

Vanquished Creatures (others)
  A rat (D:2)
1 creature vanquished.

Grand Total: 43 creatures vanquished

Notes
Turn   | Place    | Note
-------+----------+-------------------------------------------
     0 | D:1      | Mitsuki the Gargoyle Earth Elementalist began the quest for the Orb.
     0 | D:1      | Reached XP level 1. HP: 10/10 MP: 3/3
   440 | D:1      | Reached skill level 4 in Earth Magic
   440 | D:1      | Reached XP level 2. HP: 12/15 MP: 5/5
  1010 | D:1      | Reached XP level 3. HP: 16/19 MP: 4/6
  1837 | D:2      | Found a radiant altar of Vehumet.
  1847 | D:2      | Became a worshipper of Vehumet
  1929 | D:2      | Reached XP level 4. HP: 23/24 MP: 8/8
  2023 | D:2      | Noticed Jessica
  2035 | D:2      | Killed Jessica
  2035 | D:2      | Reached skill level 5 in Earth Magic
  2615 | D:3      | Reached XP level 5. HP: 27/28 MP: 5/10
  2710 | D:3      | Noticed an orc warrior
  2735 | D:2      | Slain by an orc warrior

Skill      XL: |  1  2  3  4 |
---------------+-------------+-----
Earth Magic    | 4 5 |  5.5
Spellcasting   | 3 |  3.6
Dodging        | |  1.5
Stealth        | |  2.1
Transmutations | |  0.7

Action                   |  1- 3 |  4- 6 || total
-------------------------+-------+-------++-------
Melee: Dagger            |   144 |    71 ||   215
       Unarmed           |     7 |       ||     7
 Cast: Sandblast         |     9 |    15 ||    24
 Stab: Sleeping          |     5 |     1 ||     6
  Eat: Royal jelly       |     2 |       ||     2
       Chunk             |     2 |       ||     2
Armor: Robe              |    74 |    25 ||    99
Dodge: Dodged            |   136 |    50 ||   186
